 Dungeon Crawl Stone Soup version 0.29.0-4-gdea44cf6ec (webtiles) character file.

Game seed: 12592337675034660262

431 qw the Chopper (level 7, -1/40 HPs)
             Began as a Tengu Warper on Aug 28, 2022.
             Slain by an adder (2 damage)
             ... on level 4 of the Dungeon.
             The game lasted 00:00:23 (4862 turns).

qw the Chopper (Tengu Warper)                       Turns: 4862, Time: 00:00:24

Health: -1/40      AC:  5    Str: 13    XL:     7   Next: 0%
Magic:  11/11      EV:  7    Int: 13    God:
Gold:   141        SH:  0    Dex: 14    Spells: 10/10 levels left

rFire   . . .      SeeInvis .   Y - +0 hand axe
rCold   . . .      Faith    .   (no shield)
rNeg    . . .      Spirit   .   g - +0 chain mail
rPois   .          Reflect  .   (helmet restricted)
rElec   .          Harm     .   j - +0 cloak
rCorr   .          Rampage  .   (no gloves)
Will    +....                   (boots unavailable)
Stlth   ..........              (no amulet)
HPRegen 0.13/turn               a - ring of willpower
MPRegen 0.12/turn               (no ring)

@: lethally poisoned (-1 -> -7), corroded, flying quickly and evasively, quick
A: beak, talons 3, nimble flight
a: no special abilities


You were on level 4 of the Dungeon.
You visited 2 branches of the dungeon, and saw 5 of its levels.

You collected 244 gold pieces.
You spent 103 gold pieces at shops.


Innate Abilities, Weirdness & Mutations

You have a beak for a mouth.
You have claws for feet.
Your magical nature lets you fly swiftly and evasively.


   Skills:
 + Level 2.9 Fighting
 - Level 7.3 Axes
 - Level 1.0 Throwing
 - Level 2.0 Armour
 - Level 2.1 Dodging
 - Level 2.0 Spellcasting
 - Level 2.4 Translocations


You had 10 spell levels left.
You didn't know any spells.
Your spell library contained the following spells:

 Spells                   Type           Power      Damage    Failure   Level
 Blink                    Tloc           14%        N/A       99%         2
 Gell's Gravitas          Tloc           7%         N/A       100%        3
 Lesser Beckoning         Tloc           7%         N/A       100%        3
 Teleport Other           Tloc           7%         N/A       100%        3
 Manifold Assault         Tloc           7%         N/A       100%        5

Inventory:

Hand Weapons
 f - a +0 whip
 Y - a +0 hand axe (weapon)
Armour
 g - a +0 chain mail (worn)
 j - a +0 cloak (worn)
Jewellery
 a - a ring of willpower (left hand)
Scrolls
 b - a scroll of identify
Potions
 e - 3 potions of curing
 i - a potion of flight {unknown}

Dungeon Overview and Level Annotations

Branches:
Dungeon (4/15)             Temple (1/1) D:4

Altars:
Cheibriados
Dithmenos
Elyvilon
Fedhas
Hepliaklqana
Kikubaaqudgha
Qazlal
Sif Muna
Vehumet
Wu Jian
Yredelemnul

Shops:
D:3 [


Message History

Enter note: You start resting.
HP restored.
Done exploring.
(D) Dungeon (T) Temple
Where to? (* - list waypoints, Enter - D:4, ? - help)
What level of the Dungeon? (default 1, ? - help)
You fly downwards.
The adder bites you. The jelly barely misses you. The adder barely misses you.
There is a stone staircase leading up, spattered with blood here.
You hit the jelly.
Your hands burn!
You claw the jelly!
The jelly is severely wounded.
You hit the adder. You closely miss the orc. The adder barely misses you.
The orc hits you with a +0 dagger. The jelly hits you.
You are splashed with acid!
You hit the jelly. The acid corrodes you!
Your hands burn!
The jelly is almost dead.
You miss the adder. You barely miss the orc. The adder barely misses you.
The orc hits you with a +0 dagger. The jelly barely misses you.
You hit the jelly but do no damage.
Your hands burn!
You peck the jelly.
The jelly is almost dead.
You closely miss the orc. You miss the adder. The adder bites you.
You are poisoned.
The adder poisons you! The orc hits you with a +0 dagger.
The jelly closely misses you. The adder bites you.
You are more poisoned.
The adder poisons you!
You hit the jelly.
You kill the jelly!
You hit the adder but do no damage. You hit the orc but do no damage.
You feel sick. The orc hits you but does no damage.
The adder bites you but does no damage.
You have reached level 7!
You hit the adder.
The adder is lightly wounded.
You hit the orc but do no damage.
You feel sick. The adder bites you.
You die...

#..............## ## ##
##.........##...##.##..#
##.###.....# ..#.......
###..###..### #.........
#..^......#####.........
.....................#..
.#.....###............#
###...## ##...........#
#####.# ##...#.S@.....#
..##..###...##.o......#
..##...#.....#...##..##
..#.......#......# .#
.........###+###.# ..
#........#.....#..... ...
###......#.###.#.#...##.###
..#......'.'>#.+.##..#..#.+
......##.#.###.#...#......#


You could see an adder and an orc.

Vanquished Creatures
  Sigmund (D:3)
  A jelly (D:4)
  A hound (D:4)
  Jessica (D:3)
  Natasha (D:3)
  8 adders
  An ufetubus (D:4)
  2 worms
  2 dart slugs
  8 orcs
  3 ball pythons
  5 endoplasms
  5 giant cockroaches
  7 goblins
  4 hobgoblins
  5 jackals
  3 quokkas
  3 bats
  6 frilled lizards
  4 kobolds
  2 rats (D:3)
73 creatures vanquished.

Notes
Turn   | Place    | Note
-------+----------+-------------------------------------------
     0 | D:1      | qw the Tengu Warper began the quest for the Orb.
     0 | D:1      | Reached XP level 1. HP: 12/12 MP: 4/4
     0 | D:1      | 0 ||| qw: Version: 0.1-a-89-g26bdef1
     0 | D:1      | 0 ||| qw: Game counter: 2926
     0 | D:1      | 0 ||| qw: Always use a shield: true
     0 | D:1      | 0 ||| qw: God list: Okawaru
     0 | D:1      | 0 ||| qw: Allow faded altars: false
     0 | D:1      | 0 ||| qw: Do Orc after D:15 true
     0 | D:1      | 0 ||| qw: Do second Lair branch before Depths: true
     0 | D:1      | 0 ||| qw: Lair rune preference: random
     0 | D:1      | 0 ||| qw: Plans: Normal
     0 | D:1      | 0 ||| PLANNING D:1-11
    79 | D:1      | Found a faded altar of an unknown god.
   374 | D:1      | 374 ||| Stepping ~*~*~tactically~*~*~ (hiding).
   482 | D:1      | Reached XP level 2. HP: 15/17 MP: 6/6
   584 | D:1      | Reached skill level 3 in Axes
   953 | D:1      | 953 ||| READING scroll labelled XYUWI MUREEN.
   954 | D:1      | 954 ||| DRINKING 3 ruby potions.
   955 | D:1      | 955 ||| DROPPING scroll of blinking.
   983 | D:2      | 983 ||| STAIRDANCE
  1272 | D:2      | Found a white marble altar of Elyvilon.
  1300 | D:2      | Reached XP level 3. HP: 13/21 MP: 7/7
  1434 | D:2      | 1434 ||| Stepping ~*~*~tactically~*~*~ (stealth).
  1441 | D:2      | Reached skill level 4 in Axes
  1877 | D:2      | HP: 5/21 [worm (8)]
  1985 | D:2      | 1985 ||| FLEEEEING.
  2124 | D:2      | Reached XP level 4. HP: 26/26 MP: 8/8
  2202 | D:2      | 2202 ||| UPGRADING to +0 cloak.
  2207 | D:2      | 2207 ||| READING scroll labelled CEATUS JAUSE.
  2208 | D:2      | 2208 ||| READING scroll labelled EDA DITERURY.
  2213 | D:2      | 2213 ||| DRINKING 4 lumpy golden potions.
  2314 | D:2      | 2314 ||| DROPPING 3 potions of ambrosia.
  2337 | D:3      | Noticed Jessica
  2338 | D:3      | 2338 ||| Stepping ~*~*~tactically~*~*~ (hiding).
  2397 | D:3      | 2397 ||| Stepping ~*~*~tactically~*~*~ (stealth).
  2399 | D:3      | 2399 ||| Stepping ~*~*~tactically~*~*~ (stealth).
  2400 | D:3      | 2400 ||| Stepping ~*~*~tactically~*~*~ (stealth).
  2402 | D:3      | Killed Jessica
  2403 | D:3      | Reached skill level 5 in Axes
  2439 | D:3      | 2439 ||| FLEEEEING.
  2445 | D:3      | 2445 ||| STAIRDANCE
  2676 | D:3      | Gained mutation: Your magical nature lets you fly swiftly
                  | and evasively. [Tengu growth]
  2676 | D:3      | Reached XP level 5. HP: 29/30 MP: 9/9
  3008 | D:3      | Noticed Natasha
  3017 | D:3      | Killed Natasha
  3018 | D:3      | Reached skill level 6 in Axes
  3190 | D:3      | Found Efiyto Dezi's Antique Armour Shop.
  3198 | D:3      | 3198 ||| SHOPLISTING ancient ring mail (207 gold, have
                  | 141).
  3198 | D:3      | 3198 ||| BUYING chain mail (103 gold).
  3198 | D:3      | Bought a chain mail for 103 gold pieces
  3198 | D:3      | 3198 ||| SHOPLISTING glowing scarf (184 gold, have 38).
  3198 | D:3      | 3198 ||| SHOPLISTING pair of glowing gloves (172 gold, have
                  | 38).
  3198 | D:3      | 3198 ||| SHOPLISTING runed chain mail (172 gold, have 38).
  3299 | D:3      | 3299 ||| Stepping ~*~*~tactically~*~*~ (stealth).
  3301 | D:3      | 3301 ||| Stepping ~*~*~tactically~*~*~ (stealth).
  3319 | D:3      | 3319 ||| Stepping ~*~*~tactically~*~*~ (stealth).
  3321 | D:3      | 3321 ||| Stepping ~*~*~tactically~*~*~ (stealth).
  3323 | D:3      | 3323 ||| Stepping ~*~*~tactically~*~*~ (stealth).
  3324 | D:3      | 3324 ||| Stepping ~*~*~tactically~*~*~ (stealth).
  3391 | D:3      | Noticed Sigmund
  3411 | D:3      | HP: 3/30 [something/puff of flame (6)]
  3412 | D:3      | HP: 1/30 [something (2)]
  3417 | D:3      | Killed Sigmund
  3418 | D:3      | Reached skill level 7 in Axes
  3418 | D:3      | Reached XP level 6. HP: 2/35 MP: 10/10
  3716 | D:3      | Found a snail-covered altar of Cheibriados.
  3822 | D:3      | 3822 ||| UPGRADING to +2 leather armour of willpower.
  3832 | D:3      | 3832 ||| DROPPING +0 leather armour.
  3833 | D:3      | 3833 ||| UPGRADING to +0 chain mail.
  3843 | D:3      | 3843 ||| DROPPING +2 leather armour of willpower.
  3844 | D:3      | 3844 ||| READING scroll labelled YDWAOC GAST.
  3881 | D:4      | 3881 ||| Stepping ~*~*~tactically~*~*~ (stealth).
  3885 | D:4      | 3885 ||| Stepping ~*~*~tactically~*~*~ (stealth).
  3898 | D:4      | 3898 ||| FLEEEEING.
  3899 | D:4      | 3899 ||| FLEEEEING.
  3900 | D:4      | 3900 ||| FLEEEEING.
  3901 | D:4      | 3901 ||| FLEEEEING.
  3902 | D:4      | 3902 ||| FLEEEEING.
  3903 | D:4      | 3903 ||| FLEEEEING.
  3904 | D:4      | 3904 ||| FLEEEEING.
  3905 | D:4      | 3905 ||| FLEEEEING.
  3906 | D:4      | 3906 ||| FLEEEEING.
  3907 | D:4      | 3907 ||| FLEEEEING.
  3908 | D:4      | 3908 ||| FLEEEEING.
  3909 | D:4      | 3909 ||| FLEEEEING.
  3910 | D:4      | 3910 ||| FLEEEEING.
  3912 | D:4      | 3912 ||| STAIRDANCE
  4039 | D:3      | 4039 ||| DROPPING potion of invisibility.
  4117 | D:4      | 4117 ||| Stepping ~*~*~tactically~*~*~ (stealth).
  4175 | D:4      | Found a staircase to the Ecumenical Temple.
  4176 | D:4      | 4176 ||| PLANNING TEMPLE
  4176 | D:4      | 4176 ||| UPGRADING to ring of willpower.
  4177 | D:4      | 4177 ||| READING scroll labelled JIDGHI MULAGH.
  4185 | Temple   | Entered the Ecumenical Temple
  4667 | Temple   | 4667 ||| PLANNING D:1-11
  4782 | D:4      | 4782 ||| FLEEEEING.
  4784 | D:4      | 4784 ||| Stepping ~*~*~tactically~*~*~ (stealth).
  4786 | D:4      | 4786 ||| FLEEEEING.
  4791 | D:4      | 4791 ||| FLEEEEING.
  4792 | D:4      | 4792 ||| FLEEEEING.
  4793 | D:4      | 4793 ||| FLEEEEING.
  4794 | D:4      | 4794 ||| FLEEEEING.
  4795 | D:4      | 4795 ||| FLEEEEING.
  4796 | D:4      | 4796 ||| FLEEEEING.
  4797 | D:4      | 4797 ||| FLEEEEING.
  4798 | D:4      | 4798 ||| FLEEEEING.
  4799 | D:4      | 4799 ||| FLEEEEING.
  4800 | D:4      | 4800 ||| FLEEEEING.
  4801 | D:4      | 4801 ||| FLEEEEING.
  4802 | D:4      | 4802 ||| FLEEEEING.
  4803 | D:4      | 4803 ||| FLEEEEING.
  4804 | D:4      | 4804 ||| FLEEEEING.
  4805 | D:4      | 4805 ||| FLEEEEING.
  4806 | D:4      | 4806 ||| FLEEEEING.
  4807 | D:4      | 4807 ||| FLEEEEING.
  4808 | D:4      | 4808 ||| FLEEEEING.
  4809 | D:4      | 4809 ||| FLEEEEING.
  4810 | D:4      | 4810 ||| STAIRDANCE
  4860 | D:4      | HP: 9/36 [acid (4)]
  4860 | D:4      | HP: 4/36 [adder (1)]
  4862 | D:4      | Reached XP level 7. HP: 3/40 MP: 11/11
  4862 | D:4      | HP: 1/40 [poisoned by an adder]
  4862 | D:4      | Slain by an adder

Levels and vault maps discovered:
D:1:      lightli_arrival_farm, layout_basic,
          hellmonk_ecumenical_altar_dog_temple, minmay_stone_trees_small,
          palyth_stone_intersect
D:2:      layout_basic, basic_altar, roderic_serpentine_path
D:3:      layout_loops_cross, slow_altar_2, serial_shops, shop_statue,
          uniq_natasha, uniq_sigmund, uniq_jessica
D:4:      layout_cave_pools, kennysheep_little_box,
          minmay_temple_entry_glassed_door, kennysheep_path_1,
          lightli_corner_chamber
Temple:   jpeg_temple_island

Skill      XL: |  1  2  3  4  5  6 |
---------------+-------------------+-----
Axes           | 3 4 5 7 |  7.3
Armour         | 2 |  2.0
Fighting       | |  2.9
Throwing       | |  1.0
Dodging        | |  2.1
Spellcasting   | |  2.0
Translocations | |  2.4

Action                   |  1- 3 |  4- 6 |  7- 9 || total
-------------------------+-------+-------+-------++-------
Melee: Hand axe          |    68 |   118 |     1 ||   187
       Kick              |    21 |    27 |       ||    48
       Peck              |    10 |    16 |       ||    26
       Punch             |     1 |     1 |       ||     2
Throw: Boomerang         |    40 |    10 |       ||    50
  Use: Scroll            |     1 |     4 |       ||     5
       Potion            |     1 |     1 |       ||     2
Armor: Leather armour    |    15 |    10 |       ||    25
       Chain mail        |       |    22 |       ||    22
Dodge: Dodged            |    37 |    46 |       ||    83

Table legend:
 A = Non-vault XP
 B = Vault XP
 C = Vault XP percentage of total XP
 D = Non-vault monster count
 E = Vault monster count
 F = Vault count percentage of total count
                 A         B        C        D         E       F
            +---------+---------+-------+---------+---------+-------
      Total |     308 |     309 |  50.1 |      66 |       7 |   9.6
            +---------+---------+-------+---------+---------+-------
        D:1 |      18 |       6 |  25.0 |      10 |       3 |  23.1
        D:2 |      61 |       0 |   0.0 |      19 |       0 |   0.0
        D:3 |      83 |     303 |  78.5 |      21 |       4 |  16.0
        D:4 |     146 |       0 |   0.0 |      16 |       0 |   0.0
            +---------+---------+-------+---------+---------+-------
